AoeStats
← Mirmidon98

Arena

508329750Analyzed
1v1 RM · 11d ago on Sep 22, 2026· 42m 19s· 2 players
Game mode
Random Map
Map size
Tiny (2 player)
Population
200
Speed
Normal
Resources
Standard
Victory
Conquest
Starting age
Dark Age
Ending age
Imperial Age
RankedLock teamsTeams togetherTeam positionsShared explorationLock speedFull tech treeHidden civsTurbo modeCheats
Victory
Defeat
🇺🇸 Goths · United States
664
+27
🇨🇱 Wei · Chile
655
-16
Mirmidon98
10:34 Feudal Age
12:22 Double-Bit Axe
20:59 Castle Age
18:44 Loom
18:48 Horse Collar
22:20 Scale Mail Armor
27:30 Scale Barding Armor
30:29 Crossbowman
36:42 Imperial Age
42:39 Chain Barding Armor
42:34 Chain Mail Armor
42:22 Padded Archer Armor
jorgem102
11:06 Feudal Age
16:47 Castle Age
16:36 Horse Collar
16:46 Double-Bit Axe
25:23 Scale Mail Armor
26:18 Heavy Plow
26:14 Gold Mining
28:44 Anarchy
29:58 Pikeman
30:38 Squires
31:26 Chain Mail Armor
31:22 Forging
35:26 Imperial Age
37:13 Iron Casting
38:57 Blast Furnace
38:27 Perfusion
39:14 Elite Huskarl
Connection lost

Rejoining the realm…

Still unreachable

The connection could not be restored.

Session expired

The server has moved on; the page needs a fresh start.